 Dungeon Crawl Stone Soup version 0.19.1-1-g22dce08 (webtiles) character file.

217 nikopol the Skirmisher (level 5, -11/34 HPs)
             Began as a Gargoyle Berserker on Jan 15, 2017.
             Was a Priest of Trog.
             Killed from afar by Vajrapani's ghost (37 damage)
             ... with an orb of energy
             ... on level 4 of the Dungeon.
             The game lasted 00:06:38 (3337 turns).

nikopol the Skirmisher (Gargoyle Berserker)         Turns: 3337, Time: 00:06:39

Health: -11/34     AC: 12    Str: 20    XL:     5   Next: 94%
Magic:  5/5        EV: 10    Int:  8    God:    Trog [***...]
Gold:   143        SH:  0    Dex: 10    Spells: 0 memorised, 4 levels left

rFire  . . .     SeeInvis .     a - +0 hand axe
rCold  . . .     Gourm    .     v - +0 scale mail
rNeg   + . .     Faith    .     (no shield)
rPois  ∞         Spirit   .     w - +0 helmet
rElec  +         Reflect  .     (no cloak)
rCorr  .         Harm     .     (no gloves)
MR     .....                    (no boots)
Stlth  ..........               (no amulet)
                                (no ring)
                                (no ring)

@: no status effects
A: negative energy resistance 1, electricity resistance, unbreathing,
petrification resistance, rot immunity, AC +4
a: Berserk, Trog's Hand, Burn Spellbooks, Renounce Religion


You were on level 4 of the Dungeon.
You worshipped Trog.
Trog was most pleased with you.
You were hungry.

You visited 1 branch of the dungeon, and saw 4 of its levels.

You collected 143 gold pieces.

Inventory:

Hand Weapons
 a - a +0 hand axe (weapon)
Missiles
 h - 100 arrows (quivered)
Armour
 b - a +0 animal skin
 u - a +0 ring mail
 v - a +0 scale mail (worn)
 w - a +0 helmet (worn)
Scrolls
 d - a scroll of fog {unknown}
 e - 5 scrolls of identify {unknown}
 g - 2 scrolls of teleportation {unknown}
 j - a scroll of recharging {unknown}
 k - 2 scrolls of magic mapping {unknown}
 n - a scroll of amnesia {unknown}
 q - 2 scrolls of noise {unknown}
 r - a scroll of immolation {unknown}
 y - a scroll of blinking {unknown}
Potions
 f - 2 potions of curing {unknown}
 i - a potion of lignification {unknown}
 l - a potion of degeneration {unknown}
 m - a potion of brilliance {unknown}
 o - a potion of invisibility {unknown}
 p - 2 potions of heal wounds {unknown}
 x - a potion of flight {unknown}
 z - a potion of agility {unknown}
Comestibles
 c - 4 bread rations
 s - a meat ration
 t - a beef jerky


   Skills:
 + Level 4.4 Fighting
 + Level 3.6 Axes
 + Level 3.9 Armour
 + Level 2.7 Dodging


You had 4 spell levels left.
You didn't know any spells.

Dungeon Overview and Level Annotations

Branches:
Dungeon (4/15)
 Temple: D:4-7

Altars:

Annotations:
D:4 Vajrapani's ghost, novice DECj


Innate Abilities, Weirdness & Mutations

You are resistant to torment.
Your stone body is resilient. (AC +4)
You are immune to poison.
You resist negative energy. (rN+)
You are resistant to electric shocks. (rElec)
You can survive without breathing.
You are immune to petrification.
You are immune to rotting.


Message History

The adder bites you.
You completely miss the adder.
The adder is almost dead.
The adder barely misses you.
You closely miss the adder.
The adder is almost dead.
The adder barely misses you.
Vajrapani's ghost casts a spell.
Vajrapani's ghost conjures a globe of magical energy!
The adder bites you but does no damage.
A battlesphere comes into view.
You closely miss the adder.
The adder is almost dead.
The adder closely misses you.
Vajrapani's ghost points at you and mumbles some strange words.
The orb of energy hits the adder.
The adder dies!
The orb of energy explodes!
The mystic blast hits you!
Ouch! That really hurt!
You die...

#.#####..#|# #....
#..#.# #...#
#..#.## #...#
###..#... #...
##......>. #.*.
.....###. .W#
#.#...##. #.#
#.#...... #@#
#........ #.#
#........ #.#
#........ #.#
###...... #.# ###
##)..#..
#.#####.###.#####.
#......#...## ##
#.#####.###.## ##.
#.# #.# ##.###.#


You could see a battlesphere and Vajrapani's ghost.

Vanquished Creatures
  Ijyb (D:2)
  Natasha (twice) (D:2)
  Robin (D:3)
  A gnoll (D:1)
  An ooze (D:4)
  4 worms
  2 dart slugs
  3 leopard geckos
  An orc (D:3)
  4 giant cockroaches
  13 goblins
  13 hobgoblins
  11 jackals
  A quokka (D:2)
  3 ball pythons
  10 bats
  4 frilled lizards
  4 kobolds
  8 rats
87 creatures vanquished.

Vanquished Creatures (others)
  An adder (D:4)
1 creature vanquished.

Grand Total: 88 creatures vanquished

Notes
Turn   | Place    | Note
-------+----------+-------------------------------------------
     0 | D:1      | nikopol the Gargoyle Berserker began the quest for the Orb.
     0 | D:1      | Reached XP level 1. HP: 14/14 MP: 1/1
    65 | D:1      | Reached XP level 2. HP: 17/19 MP: 2/2
   358 | D:1      | Reached XP level 3. HP: 21/23 MP: 3/3
   856 | D:1      | Reached ** piety under Trog
  1272 | D:2      | Reached XP level 4. HP: 28/29 MP: 4/4
  1289 | D:2      | Noticed Ijyb
  1299 | D:2      | Killed Ijyb
  1299 | D:2      | Reached skill level 4 in Fighting
  1557 | D:2      | Noticed Natasha
  1568 | D:2      | Killed Natasha
  1568 | D:2      | Reached XP level 5. HP: 28/33 MP: 5/5
  1935 | D:2      | Noticed Natasha
  1948 | D:2      | Killed Natasha
  2602 | D:3      | Reached *** piety under Trog
  2763 | D:3      | Noticed Robin
  2785 | D:3      | Killed Robin
  3329 | D:4      | Noticed Vajrapani's ghost (novice DECj)
  3337 | D:4      | Killed from afar by Vajrapani's ghost

Skill      XL: |  1  2  3  4 |
---------------+-------------+-----
Axes           | 3 |  3.6
Dodging        | 2 |  2.7
Fighting       | 4 |  4.4
Armour         | 3 |  3.9

Action                   |  1- 3 |  4- 6 || total
-------------------------+-------+-------++-------
Melee: Hand axe          |   115 |   153 ||   268
Invok: Berserk           |     1 |     1 ||     2
 Stab: Sleeping          |     1 |       ||     1
  Eat: Chunk             |     2 |     7 ||     9
Armor: Animal skin       |    48 |    33 ||    81
       Ring mail         |       |    22 ||    22
       Scale mail        |       |    10 ||    10
Dodge: Dodged            |    95 |   123 ||   218
